| TOP OF THE 1ST |
|
Greeneville Astros batting - Pitching for Oakland (APP) Athletics : RHP Kyle Rasor
|
|
Pitching: RHP Kyle Rasor
|
|
|
Batting: LHB Lou Toth
|
0-0: TRIPLE (Flyball, 9LD, EV 109.4 MPH)
|
|
Batting: RHB Jason Monico
|
0-0: Called Strike 0-1: Ball 1-1: Foul Ball, location: 2F 1-2: Strikes out looking
|
|
Batting: LHB Josh Birkner
|
0-0: Ball 1-0: Called Strike 1-1: Ground out 4-3 (Groundball, 4, EV 78.1 MPH) Lou Toth scores
|
|
Batting: RHB Ryan Salas
|
0-0: Ball 1-0: Foul Ball, location: 2F 1-1: Fly out, F6 (Line Drive, 6, EV 69.4 MPH)
|
| Top of the 1st over - 1 run, 1 hit, 0 errors, 0 left on base; Greeneville 1 - Oakland (APP) 0 |
| BOTTOM OF THE 1ST |
|
Oakland (APP) Athletics batting - Pitching for Greeneville Astros : RHP Bruce Bermudez
|
|
Pitching: RHP Bruce Bermudez
|
|
|
Batting: RHB Colin Coleman
|
0-0: Ball 1-0: Swinging Strike 1-1: Foul Ball, location: 2F 1-2: Ball 2-2: Ball 3-2: Foul Ball, location: 2F 3-2: Fly out, F9 (Line Drive, 9D, EV 94.4 MPH)
|
|
Batting: RHB Steve Blackshear
|
0-0: Ball 1-0: Ball 2-0: Ball 3-0: Swinging Strike 3-1: Called Strike 3-2: Base on Balls
|
|
Batting: RHB Matt Black
|
0-0: Called Strike Steve Blackshear steals 2nd base 0-1: Ball 1-1: Ground out 5-3 (Groundball, 56S, EV 73.1 MPH) Steve Blackshear to third
|
|
Batting: RHB Josh Whaley
|
0-0: Called Strike 0-1: Ball 1-1: Foul Ball, location: 2F 1-2: Ball 2-2: Foul Ball, location: 2F 2-2: Ball 3-2: SINGLE (Line Drive, 56, EV 105.6 MPH) Steve Blackshear scores
|
|
Batting: LHB Augustin Cormier
|
0-0: Ball 1-0: Ball Wild Pitch! Josh Whaley to second 2-0: Called Strike 2-1: Ball 3-1: Base on Balls
|
|
Batting: LHB Al Soltero
|
Balk! Josh Whaley to third Augustin Cormier to second 0-0: Called Strike 0-1: Hit by Pitch
|
|
Batting: RHB Branden Mackie
|
0-0: Called Strike 0-1: Foul Ball, location: 2F 0-2: Strikes out swinging
|
| Bottom of the 1st over - 1 run, 1 hit, 0 errors, 3 left on base; Greeneville 1 - Oakland (APP) 1 |
| TOP OF THE 2ND |
|
Greeneville Astros batting - Pitching for Oakland (APP) Athletics : RHP Kyle Rasor
|
|
Batting: RHB Nate Britton
|
0-0: Ground out 6-3 (Groundball, 6, EV 83.1 MPH)
|
|
Batting: RHB Workneh Lagat
|
0-0: Ball 1-0: Foul Ball, location: 2F 1-1: Ball 2-1: Ball 3-1: Foul Ball, location: 2F 3-2: Strikes out swinging
|
|
Batting: RHB Edgar Trejo
|
0-0: Swinging Strike 0-1: Ball 1-1: Ball 2-1: Ball 3-1: Called Strike 3-2: Fly out, F9 (Line Drive, 9, EV 91.2 MPH)
|
| Top of the 2nd over - 0 runs, 0 hits, 0 errors, 0 left on base; Greeneville 1 - Oakland (APP) 1 |
| BOTTOM OF THE 2ND |
|
Oakland (APP) Athletics batting - Pitching for Greeneville Astros : RHP Bruce Bermudez
|
|
Batting: SHB George Marshall
|
0-0: Ball 1-0: Called Strike 1-1: Ball 2-1: Called Strike 2-2: SINGLE (Line Drive, 89S, EV 100.0 MPH)
|
|
Batting: LHB Mark Friedmann
|
0-0: Ball 1-0: DOUBLE (Groundball, 3L, EV 108.1 MPH) George Marshall to third
|
|
Batting: RHB Colin Coleman
|
0-0: SINGLE (Line Drive, 89S, EV 106.9 MPH) George Marshall scores Mark Friedmann to third Runner from 3rd tries for Home, throw by RF and OUT! 9-2 Colin Coleman to second
|
|
Batting: RHB Steve Blackshear
|
0-0: Ball 1-0: Ball 2-0: Foul Ball, location: 2F 2-1: Ball 3-1: Foul Ball, location: 2F 3-2: Base on Balls
|
|
Batting: RHB Matt Black
|
0-0: Ball 1-0: Ball Colin Coleman steals 3rd base (no throw) Steve Blackshear to second 2-0: Ball Balk! Colin Coleman scores Steve Blackshear to third 3-0: Base on Balls
|
|
Batting: RHB Josh Whaley
|
0-0: 3-RUN HOME RUN (Flyball, 78XD, EV 105.6 MPH), Distance : 419 ft
|
|
Batting: LHB Augustin Cormier
|
0-0: Called Strike 0-1: Foul Ball, location: 2F 0-2: Ball 1-2: Ball 2-2: SOLO HOME RUN (Flyball, 9LD, EV 89.4 MPH), Distance : 329 ft
|
|
Batting: LHB Al Soltero
|
0-0: Ball 1-0: Foul Ball, location: 2F 1-1: Called Strike 1-2: SOLO HOME RUN (Flyball, 9LD, EV 95.6 MPH), Distance : 348 ft
|
|
Pitching: RHP Sean Mounts
|
|
|
Batting: RHB Branden Mackie
|
0-0: Ground out 4-3 (Groundball, 4, EV 78.1 MPH)
|
|
Batting: SHB George Marshall
|
0-0: Ball 1-0: Ball 2-0: Ball 3-0: Called Strike 3-1: SOLO HOME RUN (Flyball, 9D, EV 94.4 MPH), Distance : 359 ft
|
|
Batting: LHB Mark Friedmann
|
0-0: SINGLE (Groundball, 34D, EV 98.8 MPH)
|
|
Batting: RHB Colin Coleman
|
0-0: Called Strike Mark Friedmann steals 2nd base 0-1: Ball 1-1: Called Strike 1-2: Ball 2-2: Foul Ball, location: 2F 2-2: SINGLE (Line Drive, 8LS, EV 104.4 MPH) Mark Friedmann to third Runner from 3rd tries for Home, SAFE, throw by CF to home
|
|
Batting: RHB Steve Blackshear
|
0-0: Foul Ball, location: 2F 0-1: Ball 1-1: SINGLE (Groundball, 56D, EV 104.4 MPH) Colin Coleman to second
|
|
Batting: RHB Matt Black
|
0-0: Swinging Strike 0-1: Foul Ball, location: 2F 0-2: Fly out, F3 (Popup, 3S, EV 69.4 MPH)
|
| Bottom of the 2nd over - 9 runs, 10 hits, 0 errors, 2 left on base; Greeneville 1 - Oakland (APP) 10 |
| TOP OF THE 3RD |
|
Greeneville Astros batting - Pitching for Oakland (APP) Athletics : RHP Kyle Rasor
|
|
Batting: RHB Jarno van Lente
|
0-0: Called Strike 0-1: Ball 1-1: Swinging Strike 1-2: Ball 2-2: Ground out 6-3 (Groundball, 6, EV 84.4 MPH)
|
|
Batting: RHB Guo-ning Chen
|
0-0: Called Strike 0-1: Reached on error, E6 (Groundball, 6, EV 78.8 MPH)
|
|
Batting: LHB Lou Toth
|
0-0: Foul Ball, location: 2F 0-1: Fielders Choice at 2nd, 6-4 (Groundball, 6, EV 108.1 MPH)
|
|
Batting: RHB Jason Monico
|
0-0: Ball 1-0: Foul Ball, location: 2F 1-1: Ball Lou Toth steals 2nd base (no throw) 2-1: Foul Ball, location: 2F 2-2: Strikes out swinging
|
| Top of the 3rd over - 0 runs, 0 hits, 1 error, 1 left on base; Greeneville 1 - Oakland (APP) 10 |
| BOTTOM OF THE 3RD |
|
Oakland (APP) Athletics batting - Pitching for Greeneville Astros : RHP Sean Mounts
|
|
Batting: RHB Josh Whaley
|
0-0: Ball 1-0: Ball 2-0: Ground out 4-3 (Groundball, 13, EV 88.8 MPH)
|
|
Batting: LHB Augustin Cormier
|
0-0: Ball 1-0: Called Strike 1-1: Ball 2-1: Ball 3-1: Foul Ball, location: 2F 3-2: SINGLE (Line Drive, 78S, EV 103.1 MPH)
|
|
Batting: LHB Al Soltero
|
0-0: Ball 1-0: Foul Ball, location: 2F Balk! Augustin Cormier to second 1-1: Swinging Strike 1-2: 2-RUN HOME RUN (Flyball, 7D, EV 103.1 MPH), Distance : 385 ft
|
|
Pitching: RHP Keith Goodwin
|
|
|
Batting: RHB Branden Mackie
|
0-0: Ball 1-0: Ball 2-0: Swinging Strike 2-1: Foul Ball, location: 2F 2-2: Reached on error, E5 (Line Drive, 5, EV 68.1 MPH)
|
|
Batting: SHB George Marshall
|
0-0: Foul Ball, location: 2F 0-1: Foul Ball, location: 2F 0-2: Ball 1-2: Ball 2-2: Ball 3-2: Foul Ball, location: 2F 3-2: Foul Ball, location: 2F 3-2: Base on Balls Branden Mackie to second
|
|
Batting: LHB Mark Friedmann
|
0-0: Called Strike 0-1: Ball 1-1: Ball 2-1: Ball 3-1: Base on Balls Branden Mackie to third George Marshall to second
|
|
Pitching: RHP To-wai Chen
|
|
|
Batting: RHB Colin Coleman
|
0-0: SINGLE (Line Drive, 78S, EV 107.5 MPH) Branden Mackie scores George Marshall to third Mark Friedmann to second
|
|
Batting: RHB Steve Blackshear
|
0-0: Foul Ball, location: 2F 0-1: Called Strike 0-2: Ball 1-2: Ball 2-2: Foul Ball, location: 2F 2-2: Foul Ball, location: 2F 2-2: Fly out, F4 (Popup, 4D, EV 59.4 MPH)
|
|
Batting: RHB Matt Black
|
0-0: Ball 1-0: Foul Ball, location: 2F 1-1: Foul Ball, location: 2F 1-2: Foul Ball, location: 2F 1-2: DOUBLE (Line Drive, 89M, EV 105.0 MPH) George Marshall scores Mark Friedmann scores Colin Coleman to third Runner from 3rd tries for Home, SAFE, no throw by RF
|
|
Batting: RHB Josh Whaley
|
0-0: Called Strike 0-1: Ball 1-1: Ball 2-1: Fly out, F8 (Line Drive, 8RD, EV 90.6 MPH)
|
| Bottom of the 3rd over - 6 runs, 4 hits, 1 error, 1 left on base; Greeneville 1 - Oakland (APP) 16 |
| TOP OF THE 4TH |
|
Greeneville Astros batting - Pitching for Oakland (APP) Athletics : RHP Kyle Rasor
|
|
Batting: LHB Josh Birkner
|
0-0: Ball 1-0: SINGLE (Line Drive, 4MD, EV 100.0 MPH)
|
|
Batting: RHB Ryan Salas
|
0-0: Called Strike 0-1: Called Strike 0-2: Ball 1-2: Foul Ball, location: 2F 1-2: Strikes out looking
|
|
Batting: RHB Nate Britton
|
0-0: Ball 1-0: Ball 2-0: Ball 3-0: Base on Balls Josh Birkner to second
|
|
Batting: RHB Workneh Lagat
|
0-0: Ball 1-0: Ball 2-0: Fly out, F7 (Line Drive, 7, EV 94.4 MPH)
|
|
Batting: RHB Edgar Trejo
|
0-0: Ball 1-0: Fly out, F8 (Flyball, 8RM, EV 87.5 MPH)
|
| Top of the 4th over - 0 runs, 1 hit, 0 errors, 2 left on base; Greeneville 1 - Oakland (APP) 16 |
| BOTTOM OF THE 4TH |
|
Oakland (APP) Athletics batting - Pitching for Greeneville Astros : RHP To-wai Chen
|
|
Batting: LHB Augustin Cormier
|
0-0: Called Strike 0-1: Called Strike 0-2: SOLO HOME RUN (Flyball, 89XD, EV 100.6 MPH), Distance : 388 ft
|
|
Pitching: RHP Danny Jensen
|
|
|
Batting: LHB Al Soltero
|
0-0: Ball 1-0: Ball 2-0: Called Strike 2-1: Ball 3-1: Base on Balls
|
|
Batting: RHB Branden Mackie
|
0-0: Called Strike 0-1: Ball 1-1: Foul Ball, location: 2F 1-2: Ball 2-2: Ball 3-2: Base on Balls Al Soltero to second
|
|
Batting: SHB George Marshall
|
0-0: DOUBLE (Flyball, 78D, EV 96.2 MPH) Al Soltero scores Branden Mackie to third Runner from 3rd tries for Home, SAFE, throw by LF to home
|
|
Batting: LHB Mark Friedmann
|
0-0: Called Strike 0-1: Ball 1-1: Ball 2-1: Ball 3-1: Base on Balls
|
|
Batting: RHB Colin Coleman
|
0-0: Fielders Choice at 2nd, 4-6 (Groundball, 4M, EV 85.6 MPH) George Marshall to third
|
|
Pitching: LHP Jackson Trottier
|
|
|
Batting: RHB Steve Blackshear
|
0-0: Ball 1-0: Ball 2-0: Ball 3-0: Base on Balls Colin Coleman to second
|
|
Batting: RHB Matt Black
|
0-0: Called Strike 0-1: Ball 1-1: Ball 2-1: Ball 3-1: Base on Balls George Marshall scores Colin Coleman to third Steve Blackshear to second
|
|
Batting: RHB Josh Whaley
|
0-0: Ball 1-0: Ball 2-0: Ball 3-0: Base on Balls Colin Coleman scores Steve Blackshear to third Matt Black to second
|
|
Batting: LHB Augustin Cormier
|
0-0: Swinging Strike 0-1: Ball 1-1: Called Strike 1-2: Ball Wild Pitch! Steve Blackshear scores Matt Black to third Josh Whaley to second 2-2: Ball 3-2: Foul Ball, location: 2F 3-2: Foul Ball, location: 2F 3-2: Base on Balls
|
|
Batting: LHB Al Soltero
|
0-0: Foul Ball, location: 2F 0-1: Ball 1-1: Ball 2-1: Called Strike 2-2: Ball 3-2: Base on Balls Matt Black scores Josh Whaley to third Augustin Cormier to second
|
|
Batting: RHB Branden Mackie
|
0-0: Called Strike 0-1: Foul Ball, location: 2F 0-2: Ball 1-2: Fly out, F8 (Flyball, 8RXD, EV 101.2 MPH) Runner from 3rd tags up, SCORES, no throw by CF
|
|
Batting: SHB George Marshall
|
0-0: Ball Balk! Augustin Cormier to third Al Soltero to second 1-0: Fly out, F8 (Flyball, 8LM, EV 80.0 MPH)
|
| Bottom of the 4th over - 8 runs, 2 hits, 0 errors, 2 left on base; Greeneville 1 - Oakland (APP) 24 |
| TOP OF THE 5TH |
|
Greeneville Astros batting - Pitching for Oakland (APP) Athletics : RHP Kyle Rasor
|
|
Batting: RHB Jarno van Lente
|
0-0: Called Strike 0-1: Ball 1-1: Foul Ball, location: 2F 1-2: Ball 2-2: Strikes out swinging
|
|
Batting: RHB Guo-ning Chen
|
0-0: Called Strike 0-1: SINGLE (Flyball, 4D, EV 89.4 MPH)
|
|
Batting: LHB Lou Toth
|
0-0: Ball 1-0: Swinging Strike 1-1: Called Strike 1-2: Foul Ball, location: 2F 1-2: Ball 2-2: Ball 3-2: Strikes out looking
|
|
Batting: RHB Jason Monico
|
0-0: Ball 1-0: Foul Ball, location: 2F 1-1: Foul Ball, location: 2F 1-2: Ball 2-2: Ball Guo-ning Chen steals 2nd base (no throw) 3-2: Base on Balls
|
|
Batting: LHB Josh Birkner
|
0-0: Ball 1-0: Ball 2-0: Swinging Strike 2-1: SINGLE (Flyball, 6D, EV 91.9 MPH) Guo-ning Chen to third Jason Monico to second Runner from 3rd tries for Home, SAFE, throw by CF to home
|
|
Pitching: RHP Jalen Cobbins
|
|
|
Batting: RHB Ryan Salas
|
0-0: Swinging Strike 0-1: Ball 1-1: DOUBLE (Line Drive, 7LS, EV 100.6 MPH) Jason Monico scores Josh Birkner to third
|
|
Batting: RHB Nate Britton
|
0-0: Foul Ball, location: 2F 0-1: Called Strike 0-2: Ball 1-2: Ball 2-2: Strikes out looking
|
| Top of the 5th over - 2 runs, 3 hits, 0 errors, 2 left on base; Greeneville 3 - Oakland (APP) 24 |
| BOTTOM OF THE 5TH |
|
Oakland (APP) Athletics batting - Pitching for Greeneville Astros : LHP Jackson Trottier
|
|
Batting: LHB Mark Friedmann
|
0-0: Ball 1-0: Ball 2-0: Called Strike 2-1: Foul Ball, location: 2F 2-2: Ground out 3-1 (Groundball, 34, EV 109.4 MPH)
|
|
Batting: RHB Colin Coleman
|
0-0: Called Strike 0-1: Ball 1-1: Ball 2-1: SOLO HOME RUN (Flyball, 7D, EV 102.5 MPH), Distance : 375 ft
|
|
Batting: RHB Steve Blackshear
|
0-0: Ball 1-0: Foul Ball, location: 2F 1-1: Ground out 6-3 (Groundball, 6MD, EV 103.1 MPH)
|
|
Batting: RHB Matt Black
|
0-0: Called Strike 0-1: Ball 1-1: Ball 2-1: Ball 3-1: Base on Balls
|
|
Batting: RHB Josh Whaley
|
0-0: Ball 1-0: Ball 2-0: Called Strike 2-1: Foul Ball, location: 2F 2-2: Strikes out swinging
|
| Bottom of the 5th over - 1 run, 1 hit, 0 errors, 1 left on base; Greeneville 3 - Oakland (APP) 25 |
| TOP OF THE 6TH |
|
Greeneville Astros batting - Pitching for Oakland (APP) Athletics : RHP Jalen Cobbins
|
|
Batting: RHB Workneh Lagat
|
0-0: Swinging Strike 0-1: Ball 1-1: Ball 2-1: Called Strike 2-2: Ball 3-2: Strikes out looking
|
|
Batting: RHB Edgar Trejo
|
0-0: Called Strike 0-1: Ball 1-1: Ball 2-1: Ball 3-1: Called Strike 3-2: Strikes out looking
|
|
Batting: RHB Jarno van Lente
|
0-0: Ball 1-0: Called Strike 1-1: Ground out 6-3 (Groundball, 56, EV 111.2 MPH)
|
| Top of the 6th over - 0 runs, 0 hits, 0 errors, 0 left on base; Greeneville 3 - Oakland (APP) 25 |
| BOTTOM OF THE 6TH |
|
Oakland (APP) Athletics batting - Pitching for Greeneville Astros : LHP Jackson Trottier
|
|
Batting: LHB Augustin Cormier
|
0-0: Ball 1-0: Called Strike 1-1: Called Strike 1-2: Foul Ball, location: 2F 1-2: Ball 2-2: SOLO HOME RUN (Flyball, 89XD, EV 98.1 MPH), Distance : 385 ft
|
|
Batting: LHB Al Soltero
|
0-0: Foul Ball, location: 2F 0-1: Ball 1-1: Ball 2-1: Ball 3-1: Base on Balls
|
|
Batting: RHB Branden Mackie
|
0-0: Fielders Choice at 2nd, 4-6 (Groundball, 34, EV 100.0 MPH)
|
|
Batting: SHB George Marshall
|
0-0: Ground out 4-3 (Groundball, 34, EV 105.6 MPH) Branden Mackie to second
|
|
Batting: LHB Mark Friedmann
|
0-0: Called Strike 0-1: Foul Ball, location: 2F 0-2: Single, Error in OF, E9, batter to second base (Groundball, 34D, EV 94.4 MPH) Branden Mackie scores
|
|
Batting: RHB Colin Coleman
|
0-0: Fly out, F8 (Line Drive, 8RD, EV 85.6 MPH)
|
| Bottom of the 6th over - 2 runs, 2 hits, 1 error, 1 left on base; Greeneville 3 - Oakland (APP) 27 |
| TOP OF THE 7TH |
|
Greeneville Astros batting - Pitching for Oakland (APP) Athletics : RHP Jalen Cobbins
|
|
Batting: RHB Guo-ning Chen
|
0-0: Ball 1-0: Swinging Strike 1-1: Foul Ball, location: 2F 1-2: Ball 2-2: Foul Ball, location: 2F 2-2: Fly out, F4 (Line Drive, 4, EV 70.0 MPH)
|
|
Batting: LHB Lou Toth
|
0-0: Called Strike 0-1: Foul Ball, location: 2F 0-2: Strikes out swinging
|
|
Batting: RHB Jason Monico
|
0-0: Called Strike 0-1: Ball 1-1: Called Strike 1-2: Ball 2-2: Ball 3-2: Strikes out swinging
|
| Top of the 7th over - 0 runs, 0 hits, 0 errors, 0 left on base; Greeneville 3 - Oakland (APP) 27 |
| BOTTOM OF THE 7TH |
|
Oakland (APP) Athletics batting - Pitching for Greeneville Astros : LHP Jackson Trottier
|
|
Batting: RHB Steve Blackshear
|
0-0: Called Strike 0-1: SOLO HOME RUN (Flyball, 78XD, EV 108.8 MPH), Distance : 403 ft
|
|
Pinch Hitting: LHB Gregg Power
|
0-0: Ball 1-0: Reached on error, E6 (Flyball, 6D, EV 88.1 MPH)
|
|
Batting: RHB Josh Whaley
|
0-0: Ball Wild Pitch! Gregg Power to second 1-0: Foul Ball, location: 2F 1-1: SINGLE (Line Drive, 7S, EV 98.8 MPH) Gregg Power to third Runner from 3rd tries for Home, SAFE, throw by LF to home
|
|
Batting: LHB Augustin Cormier
|
0-0: Ball 1-0: Grounds into double play, 5-4-3 (Groundball, 56, EV 85.0 MPH)
|
|
Batting: LHB Al Soltero
|
0-0: Called Strike 0-1: Foul Ball, location: 2F 0-2: Ball 1-2: Ball 2-2: Ball 3-2: Base on Balls
|
|
Batting: RHB Branden Mackie
|
0-0: Called Strike 0-1: Fly out, F8 (Flyball, 8LS, EV 78.1 MPH)
|
| Bottom of the 7th over - 2 runs, 2 hits, 1 error, 1 left on base; Greeneville 3 - Oakland (APP) 29 |
| TOP OF THE 8TH |
|
Greeneville Astros batting - Pitching for Oakland (APP) Athletics : RHP Jalen Cobbins
|
|
Now at 1B: Jason Dove
|
|
|
Batting: LHB Josh Birkner
|
0-0: Called Strike 0-1: Ground out 4-3 (Groundball, 34, EV 86.2 MPH)
|
|
Batting: RHB Ryan Salas
|
0-0: Foul Ball, location: 2F 0-1: Ball 1-1: Ball 2-1: Foul Ball, location: 2F 2-2: Strikes out swinging
|
|
Batting: RHB Nate Britton
|
0-0: Called Strike 0-1: Ball 1-1: Ball 2-1: Ball 3-1: Base on Balls
|
|
Batting: RHB Workneh Lagat
|
0-0: Swinging Strike 0-1: Ball 1-1: Foul Ball, location: 2F 1-2: Ball 2-2: Strikes out swinging
|
| Top of the 8th over - 0 runs, 0 hits, 0 errors, 1 left on base; Greeneville 3 - Oakland (APP) 29 |
| BOTTOM OF THE 8TH |
|
Oakland (APP) Athletics batting - Pitching for Greeneville Astros : LHP Jackson Trottier
|
|
Batting: SHB George Marshall
|
0-0: Ball 1-0: Called Strike 1-1: Ground out 4-3 (Groundball, 34, EV 82.5 MPH)
|
|
Batting: LHB Mark Friedmann
|
0-0: Ball 1-0: Ball 2-0: Called Strike 2-1: Ball 3-1: Called Strike 3-2: Foul Ball, location: 2F 3-2: Strikes out looking
|
|
Batting: RHB Colin Coleman
|
0-0: Foul Ball, location: 2F 0-1: Ground out U3 (Groundball, 34S, EV 79.4 MPH)
|
| Bottom of the 8th over - 0 runs, 0 hits, 0 errors, 0 left on base; Greeneville 3 - Oakland (APP) 29 |
| TOP OF THE 9TH |
|
Greeneville Astros batting - Pitching for Oakland (APP) Athletics : RHP Jalen Cobbins
|
|
Pitching: RHP Ricky Lopez
|
|
|
Batting: RHB Edgar Trejo
|
0-0: Ball 1-0: Swinging Strike 1-1: Called Strike 1-2: Strikes out swinging
|
|
Batting: RHB Jarno van Lente
|
0-0: Called Strike 0-1: Ball 1-1: Ball 2-1: Called Strike 2-2: Strikes out looking
|
|
Batting: RHB Guo-ning Chen
|
0-0: Called Strike 0-1: Ball 1-1: Foul Ball, location: 2F 1-2: Ball 2-2: Strikes out swinging
|
| Top of the 9th over - 0 runs, 0 hits, 0 errors, 0 left on base; Greeneville 3 - Oakland (APP) 29 |
|